 Dungeon Crawl Stone Soup version 0.19-a0-1049-g462a813 (webtiles) character file.

6 4thArraOfDagon the Gusty (level 1, -2/9 HPs)
             Began as a Vine Stalker Air Elementalist on July 31, 2016.
             Slain by a hobgoblin
             ... wielding a +0 club
              (4 damage)
             ... on level 3 of the Dungeon.
             The game lasted 00:00:43 (167 turns).

4thArraOfDagon the Gusty (VSAE)                      Turns: 167, Time: 00:00:45

Health: -2/9       AC:  2    Str: 10    XL:     1   Next: 90%
Magic:  0/4        EV: 12    Int: 15    God:
Gold:   0          SH:  0    Dex: 14    Spells: 1 memorised, 3 levels left

rFire  . . .     SeeInvis .       - Unarmed
rCold  . . .     Gourm    .     a - +0 robe
rNeg   . . .     Faith    .     (no shield)
rPois  .         Spirit   +     (no helmet)
rElec  .         Dismiss  .     (no cloak)
rCorr  .         Reflect  .     (no gloves)
SustAt .         Harm     .     (no boots)
MR     .....                    (no amulet)
Stlth  ++........               (no ring)
                                (no ring)

@: not resistant to hostile enchantments, unstealthy
A: fangs 2, regeneration 1, magic shield, antimagic bite, no device heal 3, rot
immunity
a: no special abilities


You were on level 3 of the Dungeon.
You were not hungry.

You visited 1 branch of the dungeon, and saw 3 of its levels.

Inventory:

Armour
 a - a +0 robe (worn)
Scrolls
 d - a scroll of enchant weapon {unknown}
 f - a scroll of amnesia {unknown}
 g - a scroll of blinking {unknown}
 h - a scroll of enchant armour {unknown}
 k - a scroll of identify {unknown}
Potions
 e - a potion of berserk rage {unknown}
 j - a potion of brilliance {unknown}
Books
 b - a book of Air

   Spells                             Type                      Level
   a - Shock                          Conjuration/Air              1
   b - Swiftness                      Charms/Air                   2
   c - Repel Missiles                 Charms/Air                   2
   d - Static Discharge               Conjuration/Air              3
   e - Lightning Bolt                 Conjuration/Air              5
Comestibles
 c - a bread ration
 i - a meat ration


   Skills:
 - Level 1.5 Dodging
 - Level 2.4 Stealth
 * Level 1.4 Unarmed Combat
 - Level 2.1 Spellcasting
 - Level 1.0 Conjurations
 - Level 3.0 Air Magic


You had 3 spell levels left.
You knew the following spells:

 Your Spells              Type           Power        Failure   Level  Hunger
a - Shock                 Conj/Air       #...         12%         1    #......


Dungeon Overview and Level Annotations

Branches:
Dungeon (3/15)

Altars:


Innate Abilities, Weirdness & Mutations

You have extremely sharp teeth.
Your natural rate of healing is unusually fast.
When hurt, damage is shared between your health and your magic reserves.
Your bite disrupts and absorbs the magic of your enemies.
Potions and wands cannot restore your health.
You are immune to rotting.


Message History

The hobgoblin hits you with a club.
You hit the hobgoblin.
You kill the hobgoblin!
Casting: Shock
Confirm with . or Enter, or press ? or * to list all spells.
Aiming: Shock
Press: ? - help, Shift-Dir - straight line, f - hobgoblin
Aim: a hobgoblin, wielding a club The zap hits the hobgoblin.
The hobgoblin is heavily wounded.
You closely miss the hobgoblin.
The hobgoblin is heavily wounded.
The hobgoblin hits you with a club.
* * * LOW HITPOINT WARNING * * *
Unknown command.
You hit the hobgoblin but do no damage.
You bite the hobgoblin, but do no damage.
The hobgoblin is heavily wounded.
The hobgoblin hits you with a club.
You die...

#. #) #. #+## #. #...#
#. ### #..... #.##.##
#......
######.#...####.......
..........@g..')......
######...#.####.......
####.## #......
####.#######.....
#...............#
#.##.##..####..## #
#.##..####..#
#........#..#
####..##.#..##


You could see a hobgoblin.

Vanquished Creatures
  A giant gecko (D:2)
  A hobgoblin (D:3)
  2 bats (D:1)
  A kobold (D:1)
5 creatures vanquished.

Notes
Turn   | Place    | Note
-------+----------+-------------------------------------------
     0 | D:1      | 4thArraOfDagon the Vine Stalker Air Elementalist began the quest for the Orb.
     0 | D:1      | Reached XP level 1. HP: 9/9 MP: 4/4
    88 | D:2      | Reached skill level 1 in Unarmed Combat
   167 | D:3      | Slain by a hobgoblin

Vault maps used:
D:1:      dpeg_arrival_round_b, serial_forest, infiniplex_forest_zigzag_2,
          infiniplex_forest_end_1, infiniplex_forest_clump_double,
          infiniplex_forest_clump_cross, infiniplex_forest_clump_curved,
          infiniplex_forest_end_3, infiniplex_forest_clump_long,
          hangedman_abyss_or_decor_stabs
D:2:      marbit_many_paths
D:3:      kiku_gazebo_garden_becter, kennysheep_slug_shrine, uniq_jessica

Skill      XL: |  1 |
---------------+----+-----
Unarmed Combat | 1 |  1.4
Dodging        | |  1.5
Stealth        | |  2.4
Spellcasting   | |  2.1
Conjurations   | |  1.0
Air Magic      | |  3.0

Action                   || total
-------------------------++-------
Melee: Unarmed           ||    31
       Bite              ||     5
 Cast: Shock             ||     2
 Stab: Sleeping          ||     1
Armor: Robe              ||     9
Dodge: Dodged            ||    24
